Workbook

Sheet Notes
A1: Rebased Gross Domestic Product
A2: The Gross Domestic Product (GDP) is a measure of the economy which tracks the development of a country. The GDP estimates are based from Supply and Use Tables (SUT). The SUT is utilised as an economic snapshot of a country and broken down by mapping products and activities done within a country's economic space. The BSS with the assistance of CARTAC/IMF has worked over the past two years to construct a new SUT for Barbados. This exercise has allowed us to restructure and rebase the GDP from a 2016 base year to a 2023 base year. The rebasing of the GDP provides a more relevant estimate according to the most recent economy patterns available according to data availability. The GDP estimates shown within this document has been rebased to the 2023 SUT, which contains the most recent reference year of 2024.
B8: Gross Domestic Product - Current Price ($Millions) | H8: Percentage (%) Contribution by Industry
B9: Section | C9: Industry | D9: GDP for 2023 | F9: GDP Differences by Industry | H9: GDP for 2023
D10: (Base Year=2016) | E10: (Base Year=2023) | H10: =D10 -> (Base Year=2016) | I10: =E10 -> (Base Year=2023)
B11: A | C11: Agriculture and Fishing | D11: 249.20602 | E11: ='GDP by Industry'!O8 -> 238.71607 | F11: =E11-D11 -> -10.489948 | H11: =D11/$D$29 -> 0.021085726 | I11: =E11/$E$29 -> 0.018474954
B12: B | C12: Mining and Quarrying | D12: 118.87869 | E12: ='GDP by Industry'!O9 -> 60.742071 | F12: =E12-D12 -> -58.136617 | H12: =D12/$D$29 -> 0.010058519 | I12: =E12/$E$29 -> 0.0047010113
B13: C | C13: Manufacturing | D13: 752.15138 | E13: ='GDP by Industry'!O10 -> 744.22272 | F13: =E13-D13 -> -7.9286614 | H13: =D13/$D$29 -> 0.063640749 | I13: =E13/$E$29 -> 0.057597632
B14: D_E | C14: Electricity, Gas & Water Supply | D14: 281.42494 | E14: ='GDP by Industry'!O11 -> 315.3795 | F14: =E14-D14 -> 33.954562 | H14: =D14/$D$29 -> 0.023811821 | I14: =E14/$E$29 -> 0.024408167
B15: F | C15: Construction | D15: 628.11222 | E15: ='GDP by Industry'!O12 -> 654.7576 | F15: =E15-D15 -> 26.645376 | H15: =D15/$D$29 -> 0.053145595 | I15: =E15/$E$29 -> 0.050673658
B16: G | C16: Wholesale & Retail Trade | D16: 1554.2175 | E16: ='GDP by Industry'!O13 -> 2148.8475 | F16: =E16-D16 -> 594.63004 | H16: =D16/$D$29 -> 0.13150487 | I16: =E16/$E$29 -> 0.16630577
B17: H | C17: Transportation and Storage | D17: 848.4838 | E17: ='GDP by Industry'!O14 -> 775.79623 | F17: =E17-D17 -> -72.687573 | H17: =D17/$D$29 -> 0.071791592 | I17: =E17/$E$29 -> 0.060041201
B18: I | C18: Accommodation and Food Services | D18: 1556.3916 | E18: ='GDP by Industry'!O15 -> 1530.7896 | F18: =E18-D18 -> -25.602013 | H18: =D18/$D$29 -> 0.13168882 | I18: =E18/$E$29 -> 0.11847241
B19: J | C19: Information & Communications | D19: 548.36477 | E19: ='GDP by Industry'!O16 -> 672.52807 | F19: =E19-D19 -> 124.1633 | H19: =D19/$D$29 -> 0.046398033 | I19: =E19/$E$29 -> 0.052048968
B20: K | C20: Finance & Insurance | D20: 842.63874 | E20: ='GDP by Industry'!O17 -> 914.05464 | F20: =E20-D20 -> 71.415903 | H20: =D20/$D$29 -> 0.071297031 | I20: =E20/$E$29 -> 0.070741435
B21: L | C21: Real Estate | D21: 1477.4531 | E21: ='GDP by Industry'!O18 -> 1595.0946 | F21: =E21-D21 -> 117.64142 | H21: =D21/$D$29 -> 0.12500971 | I21: =E21/$E$29 -> 0.12344916
B22: M_N | C22: Business Services | D22: 1007.4297 | E22: ='GDP by Industry'!O19 -> 824.87437 | F22: =E22-D22 -> -182.5553 | H22: =D22/$D$29 -> 0.085240259 | I22: =E22/$E$29 -> 0.063839505
... B27: S | C27: Other Personal services | D27: 161.32296 | E27: ='GDP by Industry'!O24 -> 130.72157 | F27: =E27-D27 -> -30.601396 | H27: =D27/$D$29 -> 0.013649798 | I27: =E27/$E$29 -> 0.010116935
C28: Less: FISIM Adjustment | D28: 351.86076 | E28: 0 | F28: =E28-D28 -> -351.86076 | H28: =-D28/$D$29 -> -0.02977151 | I28: =-E28/$E$29 -> 0
C29: Total Value Added at Basic Prices | D29: 11818.707 | E29: ='GDP by Industry'!O25 -> 12921.065 | F29: =E29-D29 -> 1102.3573 | H29: =SUM(H11:H28) -> 1 | I29: =SUM(I11:I28) -> 1
C30: Taxes less Subsidies on Products | D30: 1622.7591 | E30: ='GDP by Industry'!O26 -> 1525.4318 | F30: =E30-D30 -> -97.327306
C31: Gross Domestic Product at Market Prices | D31: 13441.466 | E31: ='GDP by Industry'!O27 -> 14446.496 | F31: =E31-D31 -> 1005.03
C32: Difference (%) | E32: =E31/D31-1 -> 0.074770857
A35: Gross Domestic Product Compilations
A36: The Gross Domestic Product (GDP) for 2024 was estimated with the most up-to-date data as at this period. This data was obtained from Administrative sources and surveys. GDP projections were used for some industries for at least the last two quarters of 2024. The projection were based on three year moving averages and other alternate indicators.
A39: These initial figures on the GDP are subject to change as more actual data becomes available, since some of the industries have some degree of projections incorporated in the estimates. Some of the industries have been impacted directly or indirectly by projections as they are interlinked with each other.
A41: The classification sequence of how the GDP estimates will be categorized is as follows:
A42: 1 | B42: Initially the Data will be classified as a preliminary Estimate using the letter “E” i.e. having actual data with some projections.
A43: 2 | B43: As more data becomes available the letter “P” will now be used to identify it as Provisional.
A44: 3 | B44: Finally when any dataset has been revised or amended by data providers, the finalized version of the GDP estimate for a period will then carry the letter “R” to identify that the estimate has been revised.
B47: Revisions to the GDP since (31st July, 2025 edition) are:
B48: Industry | E48: Sub-industry | J48: Period Revised | M48: Comments
B49: Wholesale & Retail Trade | J49: 2010-2024 | M49: The updated Merchanting data series was received from the Central Bank of Barbados which allowed for the revision of this industry from 2010 to 2024.
B52: Industries with Projection are:
B53: Industry | E53: Sub-industry | J53: Period Projected | M53: Comments
B54: Accommodation & Food Services | J54: 2020 to 2024 | M54: Total Expenditure is still not available. Estimations were generated using the ratio movement of sales for the years 2020 to 2024 from the VAT database for restaurants. For accommodation, quarterly arrival numbers along with the length of stay is used to generate the volume estimates. The Hotel price data from the Export Import Price Index (XMPI) was used as the price indicator to generate an estimated expenditure figure.
B55: Transportation & Storage: | E55: Road Passenger Transportation | J55: 2020 to 2024 | M55: Tourist expenditure from CTO was not available, so the 2024 tourist expenditure was estimated by the combined movement of the length of stay and tourist arrivals (Bednights).
B56: Information & Communication | J56: 2020 to 2024 | M56: Gross Output estimation was calculated using the VAT ratio for the year on year 2023 & 2024.

Sheet GDP by Industry
A1: GROSS DOMESTIC PRODUCT BY INDUSTRY 2010-2024 (MARKET PRICES)
P5: $M
B6: 2010 | C6: 2011 | D6: 2012 | E6: 2013 | F6: 2014 | G6: 2015 | H6: 2016 | I6: 2017 | J6: 2018 | K6: 2019 | L6: 2020 | M6: 2021 | N6: 2022 | O6: 2023 | P6: 2024R
A8: Agriculture and Fishing | B8: 182.1302 | C8: 176.90155 | D8: 190.02107 | E8: 206.07777 | F8: 197.03184 | G8: 185.81106 | H8: 192.62093 | I8: 205.02799 | J8: 260.267 | K8: 278.72893 | L8: 334.32704 | M8: 235.60213 | N8: 199.46234 | O8: 238.71607 | P8: 236.24765
A9: Mining and Quarrying | B9: 67.731567 | C9: 79.665225 | D9: 70.95688 | E9: 75.794849 | F9: 69.989286 | G9: 45.117302 | H9: 37.743006 | I9: 47.858375 | J9: 57.326172 | K9: 54.159602 | L9: 40.972211 | M9: 44.709817 | N9: 61.981481 | O9: 60.742071 | P9: 57.908447
A10: Manufacturing | B10: 597.33247 | C10: 647.59074 | D10: 590.4704 | E10: 620.57232 | F10: 592.59034 | G10: 636.27202 | H10: 634.84868 | I10: 649.75756 | J10: 635.46654 | K10: 646.59186 | L10: 550.9187 | M10: 571.59708 | N10: 709.65893 | O10: 744.22272 | P10: 752.09212
A11: Electricity, Gas & Water Supply | B11: 296.78224 | C11: 306.59665 | D11: 310.46713 | E11: 294.84701 | F11: 303.97026 | G11: 298.29835 | H11: 292.64579 | I11: 301.08793 | J11: 301.21169 | K11: 302.73922 | L11: 277.48315 | M11: 293.08547 | N11: 294.18738 | O11: 315.3795 | P11: 331.35998
A12: Construction | B12: 544.7887 | C12: 571.10441 | D12: 578.29245 | E12: 571.36407 | F12: 574.274 | G12: 571.42865 | H12: 546.25352 | I12: 549.29094 | J12: 540.49841 | K12: 543.52981 | L12: 552.38146 | M12: 588.8955 | N12: 698.46189 | O12: 654.7576 | P12: 713.55736
A13: Wholesale & Retail Trade | B13: 1201.3737 | C13: 1395.0907 | D13: 1263.2287 | E13: 1494.3217 | F13: 1538.4316 | G13: 1448.2951 | H13: 1465.617 | I13: 1488.5581 | J13: 1588.5003 | K13: 1537.9696 | L13: 1056.3297 | M13: 2035.8645 | N13: 2258.8857 | O13: 2148.8475 | P13: 2355.3582
A14: Transportation and Storage | B14: 508.08667 | C14: 533.34415 | D14: 542.62481 | E14: 507.73424 | F14: 577.16296 | G14: 614.72504 | H14: 669.6521 | I14: 703.63694 | J14: 691.60186 | K14: 716.88752 | L14: 445.80691 | M14: 507.79548 | N14: 702.7589 | O14: 775.79623 | P14: 823.2116
A15: Accommodation and Food Services | B15: 1030.4778 | C15: 944.45028 | D15: 906.76117 | E15: 1014.5502 | F15: 987.41772 | G15: 980.5 | H15: 1039.4903 | I15: 1128.688 | J15: 1240.2098 | K15: 1351.9032 | L15: 669.16749 | M15: 561.95159 | N15: 1179.7598 | O15: 1530.7896 | P15: 1698.2281
A16: Information & Communications | B16: 718.87214 | C16: 755.59431 | D16: 770.25723 | E16: 722.11615 | F16: 675.5322 | G16: 630.89762 | H16: 620.64035 | I16: 602.63182 | J16: 579.18865 | K16: 586.45093 | L16: 549.8877 | M16: 581.27187 | N16: 625.32833 | O16: 672.52807 | P16: 659.19992
A17: Finance & Insurance | B17: 885.53944 | C17: 834.49907 | D17: 829.35122 | E17: 837.56587 | F17: 844.24712 | G17: 912.41651 | H17: 901.9619 | I17: 942.4666 | J17: 927.9003 | K17: 955.74829 | L17: 931.4323 | M17: 873.86294 | N17: 874.91774 | O17: 914.05464 | P17: 943.3319
A18: Real Estate | B18: 979.57266 | C18: 1057.2633 | D18: 1157.938 | E18: 1232.995 | F18: 1269.5061 | G18: 1294.39 | H18: 1208.7872 | I18: 1105.464 | J18: 1146.0666 | K18: 1260.8352 | L18: 1451.8445 | M18: 1506.1481 | N18: 1535.1374 | O18: 1595.0946 | P18: 1598.3791
A19: Business Services | B19: 858.14974 | C19: 839.2225 | D19: 703.17577 | E19: 755.25436 | F19: 737.35951 | G19: 656.19553 | H19: 659.55035 | I19: 672.48817 | J19: 664.30895 | K19: 674.0192 | L19: 670.8731 | M19: 680.845 | N19: 791.49584 | O19: 824.87437 | P19: 891.10745
... A24: Other Personal services | B24: 65.434605 | C24: 68.418009 | D24: 77.26438 | E24: 85.96858 | F24: 94.500297 | G24: 94.499902 | H24: 94.9716 | I24: 93.359019 | J24: 93.358777 | K24: 93.359226 | L24: 85.858765 | M24: 80.152968 | N24: 102.31348 | O24: 130.72157 | P24: 137.26275
A25: Total Value Added at Basic Prices | B25: =SUM(B8:B24) -> 9867.4946 | C25: =SUM(C8:C24) -> 10178.925 | D25: =SUM(D8:D24) -> 9852.4645 | E25: =SUM(E8:E24) -> 10316.191 | F25: =SUM(F8:F24) -> 10349.466 | G25: =SUM(G8:G24) -> 10257.612 | H25: =SUM(H8:H24) -> 10227.794 | I25: =SUM(I8:I24) -> 10431.132 | ... P25: =SUM(P8:P24) -> 13615.449
A26: Taxes less Subsidies on Products | B26: 989.87192 | C26: 947.39909 | D26: 1120.5365 | E26: 1003.9281 | F26: 1020.3358 | G26: 1141.6264 | H26: 1130.2652 | I26: 1263.6308 | J26: 1311.7734 | K26: 1327.5817 | L26: 1102.0828 | M26: 1256.4311 | N26: 1381.8547 | O26: 1525.4318 | P26: 1579.6942
A27: Gross Domestic Product at Market Prices | B27: =B25+B26 -> 10857.367 | C27: =C25+C26 -> 11126.324 | D27: =D25+D26 -> 10973.001 | E27: =E25+E26 -> 11320.119 | F27: =F25+F26 -> 11369.802 | G27: =G25+G26 -> 11399.238 | H27: =H25+H26 -> 11358.059 | I27: =I25+I26 -> 11694.763 | ... P27: =P25+P26 -> 15195.143
A29: Gross Domestic Product per Capita | B29: 39.295572 | C29: 40.196258 | D29: 39.613722 | E29: 40.793223 | F29: 41.046217 | G29: 41.241817 | H29: 41.242044 | I29: 42.610703 | J29: 43.889036 | K29: 45.301325 | L29: 39.814949 | M29: 44.097615 | N29: 51.544621 | O29: 54.064003 | P29: 56.865709
A30: Source: Barbados Statistical Service

Sheet GDP Constant Price
A1: REAL GROSS DOMESTIC PRODUCT BY INDUSTRY OF ORIGIN 2010-2024 2023 Prices (CONSTANT PRICES)
P5: $M
B6: 2010 | C6: 2011 | D6: 2012 | E6: 2013 | F6: 2014 | G6: 2015 | H6: 2016 | I6: 2017 | J6: 2018 | K6: 2019 | L6: 2020 | M6: 2021 | N6: 2022 | O6: 2023 | P6: 2024R
A8: Agriculture and Fishing | B8: 269.02859 | C8: 249.35473 | D8: 251.64239 | E8: 257.5903 | F8: 250.95609 | G8: 229.49242 | H8: 233.03426 | I8: 238.20552 | J8: 305.45074 | K8: 312.44726 | L8: 362.3414 | M8: 258.44023 | N8: 211.91031 | O8: 238.71607 | P8: 228.57283
A9: Mining and Quarrying | B9: 44.034835 | C9: 37.324765 | D9: 34.17942 | E9: 43.405766 | F9: 60.390631 | G9: 67.141288 | H9: 61.13726 | I9: 65.568676 | J9: 63.780627 | K9: 66.009291 | L9: 56.010458 | M9: 51.603303 | N9: 58.841193 | O9: 60.742071 | P9: 59.721579
A10: Manufacturing | B10: 786.48061 | C10: 781.71406 | D10: 750.13567 | E10: 730.02679 | F10: 698.44841 | G10: 738.52202 | H10: 740.79878 | I10: 741.75328 | J10: 707.19553 | K10: 724.82777 | L10: 620.50269 | M10: 630.30461 | N10: 745.21159 | O10: 744.22272 | P10: 747.18588
A11: Electricity, Gas & Water Supply | B11: 282.44763 | C11: 283.76318 | D11: 291.13023 | E11: 290.73557 | F11: 291.13023 | G11: 303.404 | H11: 305.79385 | I11: 302.48115 | J11: 301.30832 | K11: 300.76475 | L11: 288.06754 | M11: 304.35824 | N11: 307.4525 | O11: 315.3795 | P11: 332.40224
A12: Construction | B12: 784.93682 | C12: 781.10422 | D12: 783.01565 | E12: 774.47722 | F12: 783.33207 | G12: 779.02947 | H12: 764.78965 | I12: 777.34113 | J12: 737.09168 | K12: 719.65485 | L12: 748.23621 | M12: 732.18993 | N12: 737.42786 | O12: 654.7576 | P12: 726.29968
A13: Wholesale & Retail Trade | B13: 1518.0403 | C13: 1641.8573 | D13: 1450.8456 | E13: 1644.5865 | F13: 1707.1027 | G13: 1661.7282 | H13: 1675.2886 | I13: 1654.9656 | J13: 1731.7203 | K13: 1700.8708 | L13: 1208.221 | M13: 2124.0521 | N13: 2282.9446 | O13: 2148.8475 | P13: 2343.2129
A14: Transportation and Storage | B14: 782.97611 | C14: 741.70014 | D14: 718.70871 | E14: 705.67419 | F14: 756.90708 | G14: 789.4161 | H14: 863.82031 | I14: 872.00243 | J14: 848.44726 | K14: 814.93632 | L14: 478.85287 | M14: 596.79198 | N14: 748.57262 | O14: 775.79623 | P14: 829.23236
A15: Accommodation and Food Services | B15: 1373.4566 | C15: 1376.4188 | D15: 1327.9133 | E15: 1286.1962 | F15: 1310.5106 | G15: 1367.8302 | H15: 1519.5257 | I15: 1585.1598 | J15: 1605.4816 | K15: 1648.1748 | L15: 719.79893 | M15: 644.68427 | N15: 1377.9931 | O15: 1530.7896 | P15: 1622.0101
A16: Information & Communications | B16: 814.72566 | C16: 833.40259 | D16: 863.99157 | E16: 800.9018 | F16: 807.37254 | G16: 755.07025 | H16: 739.18251 | I16: 715.1778 | J16: 660.42272 | K16: 623.4317 | L16: 561.91388 | M16: 587.54428 | N16: 627.21372 | O16: 672.52807 | P16: 631.65917
A17: Finance & Insurance | B17: 872.02354 | C17: 858.75713 | D17: 841.60788 | E17: 832.33218 | F17: 833.19503 | G17: 855.63269 | H17: 839.29285 | I17: 847.44785 | J17: 867.3169 | K17: 865.22278 | L17: 866.26483 | M17: 864.06518 | N17: 867.9441 | O17: 914.05464 | P17: 946.81605
A18: Real Estate | B18: 1383.6405 | C18: 1398.8583 | D18: 1414.2453 | E18: 1429.8013 | F18: 1445.5264 | G18: 1461.4272 | H18: 1477.5029 | I18: 1493.7554 | J18: 1510.1867 | K18: 1526.7988 | L18: 1543.5936 | M18: 1560.5731 | N18: 1577.7394 | O18: 1595.0946 | P18: 1612.6406
A19: Business Services | B19: 851.58401 | C19: 821.30445 | D19: 866.72378 | E19: 831.43558 | F19: 861.6013 | G19: 767.63552 | H19: 788.04043 | I19: 811.64953 | J19: 775.18743 | K19: 732.83912 | L19: 700.98379 | M19: 707.56684 | N19: 808.08924 | O19: 824.87437 | P19: 876.44576
... A24: Other Personal services | B24: 134.06355 | C24: 130.81898 | D24: 128.06949 | E24: 121.83602 | F24: 118.14088 | G24: 117.89966 | H24: 117.38741 | I24: 114.05949 | J24: 105.60909 | K24: 103.22332 | L24: 95.236607 | M24: 87.736472 | N24: 107.6179 | O24: 130.72157 | P24: 130.86968
A25: Total Value Added at Basic Prices | B25: =SUM(B8:B24) -> 12280.502 | C25: =SUM(C8:C24) -> 12281.834 | D25: =SUM(D8:D24) -> 11913.407 | E25: =SUM(E8:E24) -> 11957.098 | F25: =SUM(F8:F24) -> 12080.544 | G25: =SUM(G8:G24) -> 11958.932 | H25: =SUM(H8:H24) -> 12125.902 | I25: =SUM(I8:I24) -> 12237.084 | ... P25: =SUM(P8:P24) -> 13376.505
A26: Taxes less Subsidies on Products | B26: 1532.918 | C26: 1521.3345 | D26: 1495.2718 | E26: 1477.7707 | F26: 1462.7878 | G26: 1479.7617 | H26: 1503.1265 | I26: 1481.1682 | J26: 1458.4758 | K26: 1492.4221 | L26: 1121.4545 | M26: 1111.7392 | N26: 1458.3138 | O26: 1525.4318 | P26: 1556.3971
A27: Gross Domestic Product at Constant Prices | B27: =B25+B26 -> 13813.42 | C27: =C25+C26 -> 13803.169 | D27: =D25+D26 -> 13408.678 | E27: =E25+E26 -> 13434.869 | F27: =F25+F26 -> 13543.332 | G27: =G25+G26 -> 13438.693 | H27: =H25+H26 -> 13629.029 | I27: =I25+I26 -> 13718.252 | ... P27: =P25+P26 -> 14932.903
A29: Real Gross Domestic Product per Capita | B29: 49.994282 | C29: 49.86694 | D29: 48.406781 | E29: 48.413941 | F29: 48.892894 | G29: 48.620453 | H29: 49.488122 | I29: 49.983429 | J29: 50.037738 | K29: 50.38204 | L29: 41.740595 | M29: 45.357526 | N29: 53.100652 | O29: 54.064003 | P29: 55.884311
A30: Source: Barbados Statistical Service

Sheet GDP by Industry Analysis
A1: GROSS DOMESTIC PRODUCT BY INDUSTRY OF ORIGIN ANALYSIS - % CHANGE 2010-2024 (CURRENT MARKET PRICES)
P5: %
B6: 2010 | C6: 2011 | D6: 2012 | E6: 2013 | F6: 2014 | G6: 2015 | H6: 2016 | I6: 2017 | J6: 2018 | K6: 2019 | L6: 2020 | M6: 2021 | N6: 2022 | O6: 2023 | P6: 2024R
A8: Agriculture and Fishing | C8: =('GDP by Industry'!C8-'GDP by Industry'!B8)/'GDP by Industry'!B8*100 -> -2.8708338 | D8: =('GDP by Industry'!D8-'GDP by Industry'!C8)/'GDP by Industry'!C8*100 -> 7.4162855 | E8: =('GDP by Industry'!E8-'GDP by Industry'!D8)/'GDP by Industry'!D8*100 -> 8.4499566 | F8: =('GDP by Industry'!F8-'GDP by Industry'!E8)/'GDP by Industry'!E8*100 -> -4.3895676 | G8: =('GDP by Industry'!G8-'GDP by Industry'!F8)/'GDP by Industry'!F8*100 -> -5.6949077 | H8: =('GDP by Industry'!H8-'GDP by Industry'!G8)/'GDP by Industry'!G8*100 -> 3.6649408 | I8: =('GDP by Industry'!I8-'GDP by Industry'!H8)/'GDP by Industry'!H8*100 -> 6.4411804 | J8: =('GDP by Industry'!J8-'GDP by Industry'!I8)/'GDP by Industry'!I8*100 -> 26.942179 | ... P8: =('GDP by Industry'!P8-'GDP by Industry'!O8)/'GDP by Industry'!O8*100 -> -1.0340395
A9: Mining and Quarrying | C9: =('GDP by Industry'!C9-'GDP by Industry'!B9)/'GDP by Industry'!B9*100 -> 17.619048 | D9: =('GDP by Industry'!D9-'GDP by Industry'!C9)/'GDP by Industry'!C9*100 -> -10.931174 | E9: =('GDP by Industry'!E9-'GDP by Industry'!D9)/'GDP by Industry'!D9*100 -> 6.8181818 | F9: =('GDP by Industry'!F9-'GDP by Industry'!E9)/'GDP by Industry'!E9*100 -> -7.6595745 | G9: =('GDP by Industry'!G9-'GDP by Industry'!F9)/'GDP by Industry'!F9*100 -> -35.536846 | H9: =('GDP by Industry'!H9-'GDP by Industry'!G9)/'GDP by Industry'!G9*100 -> -16.344717 | I9: =('GDP by Industry'!I9-'GDP by Industry'!H9)/'GDP by Industry'!H9*100 -> 26.800645 | J9: =('GDP by Industry'!J9-'GDP by Industry'!I9)/'GDP by Industry'!I9*100 -> 19.782946 | ... P9: =('GDP by Industry'!P9-'GDP by Industry'!O9)/'GDP by Industry'!O9*100 -> -4.6650096
A10: Manufacturing | C10: =('GDP by Industry'!C10-'GDP by Industry'!B10)/'GDP by Industry'!B10*100 -> 8.4137862 | D10: =('GDP by Industry'!D10-'GDP by Industry'!C10)/'GDP by Industry'!C10*100 -> -8.8204393 | E10: =('GDP by Industry'!E10-'GDP by Industry'!D10)/'GDP by Industry'!D10*100 -> 5.0979565 | F10: =('GDP by Industry'!F10-'GDP by Industry'!E10)/'GDP by Industry'!E10*100 -> -4.50906 | G10: =('GDP by Industry'!G10-'GDP by Industry'!F10)/'GDP by Industry'!F10*100 -> 7.3713104 | H10: =('GDP by Industry'!H10-'GDP by Industry'!G10)/'GDP by Industry'!G10*100 -> -0.2236992 | I10: =('GDP by Industry'!I10-'GDP by Industry'!H10)/'GDP by Industry'!H10*100 -> 2.3484143 | J10: =('GDP by Industry'!J10-'GDP by Industry'!I10)/'GDP by Industry'!I10*100 -> -2.1994385 | ... P10: =('GDP by Industry'!P10-'GDP by Industry'!O10)/'GDP by Industry'!O10*100 -> 1.0573987
A11: Electricity, Gas & Water Supply | C11: =('GDP by Industry'!C11-'GDP by Industry'!B11)/'GDP by Industry'!B11*100 -> 3.3069399 | D11: =('GDP by Industry'!D11-'GDP by Industry'!C11)/'GDP by Industry'!C11*100 -> 1.2623986 | E11: =('GDP by Industry'!E11-'GDP by Industry'!D11)/'GDP by Industry'!D11*100 -> -5.0311665 | F11: =('GDP by Industry'!F11-'GDP by Industry'!E11)/'GDP by Industry'!E11*100 -> 3.0942335 | G11: =('GDP by Industry'!G11-'GDP by Industry'!F11)/'GDP by Industry'!F11*100 -> -1.8659439 | H11: =('GDP by Industry'!H11-'GDP by Industry'!G11)/'GDP by Industry'!G11*100 -> -1.8949335 | I11: =('GDP by Industry'!I11-'GDP by Industry'!H11)/'GDP by Industry'!H11*100 -> 2.884762 | J11: =('GDP by Industry'!J11-'GDP by Industry'!I11)/'GDP by Industry'!I11*100 -> 0.041106185 | ... P11: =('GDP by Industry'!P11-'GDP by Industry'!O11)/'GDP by Industry'!O11*100 -> 5.0670644
A12: Construction | C12: =('GDP by Industry'!C12-'GDP by Industry'!B12)/'GDP by Industry'!B12*100 -> 4.8304437 | D12: =('GDP by Industry'!D12-'GDP by Industry'!C12)/'GDP by Industry'!C12*100 -> 1.2586213 | E12: =('GDP by Industry'!E12-'GDP by Industry'!D12)/'GDP by Industry'!D12*100 -> -1.1980753 | F12: =('GDP by Industry'!F12-'GDP by Industry'!E12)/'GDP by Industry'!E12*100 -> 0.50929467 | G12: =('GDP by Industry'!G12-'GDP by Industry'!F12)/'GDP by Industry'!F12*100 -> -0.49546962 | H12: =('GDP by Industry'!H12-'GDP by Industry'!G12)/'GDP by Industry'!G12*100 -> -4.4056471 | I12: =('GDP by Industry'!I12-'GDP by Industry'!H12)/'GDP by Industry'!H12*100 -> 0.55604683 | J12: =('GDP by Industry'!J12-'GDP by Industry'!I12)/'GDP by Industry'!I12*100 -> -1.6007051 | ... P12: =('GDP by Industry'!P12-'GDP by Industry'!O12)/'GDP by Industry'!O12*100 -> 8.9803853
A13: Wholesale & Retail Trade | C13: =('GDP by Industry'!C13-'GDP by Industry'!B13)/'GDP by Industry'!B13*100 -> 16.124625 | D13: =('GDP by Industry'!D13-'GDP by Industry'!C13)/'GDP by Industry'!C13*100 -> -9.4518575 | E13: =('GDP by Industry'!E13-'GDP by Industry'!D13)/'GDP by Industry'!D13*100 -> 18.293831 | F13: =('GDP by Industry'!F13-'GDP by Industry'!E13)/'GDP by Industry'!E13*100 -> 2.9518382 | G13: =('GDP by Industry'!G13-'GDP by Industry'!F13)/'GDP by Industry'!F13*100 -> -5.8589886 | H13: =('GDP by Industry'!H13-'GDP by Industry'!G13)/'GDP by Industry'!G13*100 -> 1.1960202 | I13: =('GDP by Industry'!I13-'GDP by Industry'!H13)/'GDP by Industry'!H13*100 -> 1.5652887 | J13: =('GDP by Industry'!J13-'GDP by Industry'!I13)/'GDP by Industry'!I13*100 -> 6.7140267 | ... P13: =('GDP by Industry'!P13-'GDP by Industry'!O13)/'GDP by Industry'!O13*100 -> 9.6102987
A14: Transportation and Storage | C14: =('GDP by Industry'!C14-'GDP by Industry'!B14)/'GDP by Industry'!B14*100 -> 4.9710983 | D14: =('GDP by Industry'!D14-'GDP by Industry'!C14)/'GDP by Industry'!C14*100 -> 1.7400881 | E14: =('GDP by Industry'!E14-'GDP by Industry'!D14)/'GDP by Industry'!D14*100 -> -6.4299632 | F14: =('GDP by Industry'!F14-'GDP by Industry'!E14)/'GDP by Industry'!E14*100 -> 13.674225 | G14: =('GDP by Industry'!G14-'GDP by Industry'!F14)/'GDP by Industry'!F14*100 -> 6.5080543 | H14: =('GDP by Industry'!H14-'GDP by Industry'!G14)/'GDP by Industry'!G14*100 -> 8.9352246 | I14: =('GDP by Industry'!I14-'GDP by Industry'!H14)/'GDP by Industry'!H14*100 -> 5.0750001 | J14: =('GDP by Industry'!J14-'GDP by Industry'!I14)/'GDP by Industry'!I14*100 -> -1.7104108 | ... P14: =('GDP by Industry'!P14-'GDP by Industry'!O14)/'GDP by Industry'!O14*100 -> 6.1118329
A15: Accommodation and Food Services | C15: =('GDP by Industry'!C15-'GDP by Industry'!B15)/'GDP by Industry'!B15*100 -> -8.3483106 | D15: =('GDP by Industry'!D15-'GDP by Industry'!C15)/'GDP by Industry'!C15*100 -> -3.9905873 | E15: =('GDP by Industry'!E15-'GDP by Industry'!D15)/'GDP by Industry'!D15*100 -> 11.887255 | F15: =('GDP by Industry'!F15-'GDP by Industry'!E15)/'GDP by Industry'!E15*100 -> -2.6743337 | G15: =('GDP by Industry'!G15-'GDP by Industry'!F15)/'GDP by Industry'!F15*100 -> -0.70058725 | H15: =('GDP by Industry'!H15-'GDP by Industry'!G15)/'GDP by Industry'!G15*100 -> 6.0163472 | I15: =('GDP by Industry'!I15-'GDP by Industry'!H15)/'GDP by Industry'!H15*100 -> 8.580905 | J15: =('GDP by Industry'!J15-'GDP by Industry'!I15)/'GDP by Industry'!I15*100 -> 9.8806606 | ... P15: =('GDP by Industry'!P15-'GDP by Industry'!O15)/'GDP by Industry'!O15*100 -> 10.938046
A16: Information & Communications | C16: =('GDP by Industry'!C16-'GDP by Industry'!B16)/'GDP by Industry'!B16*100 -> 5.1083032 | D16: =('GDP by Industry'!D16-'GDP by Industry'!C16)/'GDP by Industry'!C16*100 -> 1.9405805 | E16: =('GDP by Industry'!E16-'GDP by Industry'!D16)/'GDP by Industry'!D16*100 -> -6.25 | F16: =('GDP by Industry'!F16-'GDP by Industry'!E16)/'GDP by Industry'!E16*100 -> -6.4510332 | G16: =('GDP by Industry'!G16-'GDP by Industry'!F16)/'GDP by Industry'!F16*100 -> -6.6073211 | H16: =('GDP by Industry'!H16-'GDP by Industry'!G16)/'GDP by Industry'!G16*100 -> -1.6258213 | I16: =('GDP by Industry'!I16-'GDP by Industry'!H16)/'GDP by Industry'!H16*100 -> -2.9016041 | J16: =('GDP by Industry'!J16-'GDP by Industry'!I16)/'GDP by Industry'!I16*100 -> -3.8901325 | ... P16: =('GDP by Industry'!P16-'GDP by Industry'!O16)/'GDP by Industry'!O16*100 -> -1.9817986
A17: Finance & Insurance | C17: =('GDP by Industry'!C17-'GDP by Industry'!B17)/'GDP by Industry'!B17*100 -> -5.76376 | D17: =('GDP by Industry'!D17-'GDP by Industry'!C17)/'GDP by Industry'!C17*100 -> -0.61687886 | E17: =('GDP by Industry'!E17-'GDP by Industry'!D17)/'GDP by Industry'!D17*100 -> 0.99049128 | F17: =('GDP by Industry'!F17-'GDP by Industry'!E17)/'GDP by Industry'!E17*100 -> 0.79769844 | G17: =('GDP by Industry'!G17-'GDP by Industry'!F17)/'GDP by Industry'!F17*100 -> 8.0745778 | H17: =('GDP by Industry'!H17-'GDP by Industry'!G17)/'GDP by Industry'!G17*100 -> -1.1458162 | I17: =('GDP by Industry'!I17-'GDP by Industry'!H17)/'GDP by Industry'!H17*100 -> 4.4907328 | J17: =('GDP by Industry'!J17-'GDP by Industry'!I17)/'GDP by Industry'!I17*100 -> -1.5455507 | ... P17: =('GDP by Industry'!P17-'GDP by Industry'!O17)/'GDP by Industry'!O17*100 -> 3.2030104
A18: Real Estate | C18: =('GDP by Industry'!C18-'GDP by Industry'!B18)/'GDP by Industry'!B18*100 -> 7.9310766 | D18: =('GDP by Industry'!D18-'GDP by Industry'!C18)/'GDP by Industry'!C18*100 -> 9.522192 | E18: =('GDP by Industry'!E18-'GDP by Industry'!D18)/'GDP by Industry'!D18*100 -> 6.4819601 | F18: =('GDP by Industry'!F18-'GDP by Industry'!E18)/'GDP by Industry'!E18*100 -> 2.961165 | G18: =('GDP by Industry'!G18-'GDP by Industry'!F18)/'GDP by Industry'!F18*100 -> 1.9601275 | H18: =('GDP by Industry'!H18-'GDP by Industry'!G18)/'GDP by Industry'!G18*100 -> -6.6133705 | I18: =('GDP by Industry'!I18-'GDP by Industry'!H18)/'GDP by Industry'!H18*100 -> -8.5476715 | J18: =('GDP by Industry'!J18-'GDP by Industry'!I18)/'GDP by Industry'!I18*100 -> 3.6728966 | ... P18: =('GDP by Industry'!P18-'GDP by Industry'!O18)/'GDP by Industry'!O18*100 -> 0.20591521
A19: Business Services | C19: =('GDP by Industry'!C19-'GDP by Industry'!B19)/'GDP by Industry'!B19*100 -> -2.2055875 | D19: =('GDP by Industry'!D19-'GDP by Industry'!C19)/'GDP by Industry'!C19*100 -> -16.211044 | E19: =('GDP by Industry'!E19-'GDP by Industry'!D19)/'GDP by Industry'!D19*100 -> 7.406199 | F19: =('GDP by Industry'!F19-'GDP by Industry'!E19)/'GDP by Industry'!E19*100 -> -2.3693803 | G19: =('GDP by Industry'!G19-'GDP by Industry'!F19)/'GDP by Industry'!F19*100 -> -11.007382 | H19: =('GDP by Industry'!H19-'GDP by Industry'!G19)/'GDP by Industry'!G19*100 -> 0.51125208 | I19: =('GDP by Industry'!I19-'GDP by Industry'!H19)/'GDP by Industry'!H19*100 -> 1.9616126 | J19: =('GDP by Industry'!J19-'GDP by Industry'!I19)/'GDP by Industry'!I19*100 -> -1.2162626 | ... P19: =('GDP by Industry'!P19-'GDP by Industry'!O19)/'GDP by Industry'!O19*100 -> 8.029475
... A27: Gross Domestic Product at Market Prices | C27: =('GDP by Industry'!C27-'GDP by Industry'!B27)/'GDP by Industry'!B27*100 -> 2.4771896 | D27: =('GDP by Industry'!D27-'GDP by Industry'!C27)/'GDP by Industry'!C27*100 -> -1.3780209 | E27: =('GDP by Industry'!E27-'GDP by Industry'!D27)/'GDP by Industry'!D27*100 -> 3.1633857 | F27: =('GDP by Industry'!F27-'GDP by Industry'!E27)/'GDP by Industry'!E27*100 -> 0.43888789 | G27: =('GDP by Industry'!G27-'GDP by Industry'!F27)/'GDP by Industry'!F27*100 -> 0.25889887 | H27: =('GDP by Industry'!H27-'GDP by Industry'!G27)/'GDP by Industry'!G27*100 -> -0.36124723 | I27: =('GDP by Industry'!I27-'GDP by Industry'!H27)/'GDP by Industry'!H27*100 -> 2.9644536 | J27: =('GDP by Industry'!J27-'GDP by Industry'!I27)/'GDP by Industry'!I27*100 -> 2.6288675 | ... P27: =('GDP by Industry'!P27-'GDP by Industry'!O27)/'GDP by Industry'!O27*100 -> 5.1822017
A28: Source: Barbados Statistical Service

Sheet GDP by Ind. Analysis - Constant
A1: REAL GROSS DOMESTIC PRODUCT BY INDUSTRY OF ORIGIN ANALYSIS - % CHANGE 2010-2024 (2023 CONSTANT PRICES)
P5: %
B6: 2010 | C6: 2011 | D6: 2012 | E6: 2013 | F6: 2014 | G6: 2015 | H6: 2016 | I6: 2017 | J6: 2018 | K6: 2019 | L6: 2020 | M6: 2021 | N6: 2022 | O6: 2023 | P6: 2024R
A8: Agriculture and Fishing | C8: =('GDP Constant Price'!C8-'GDP Constant Price'!B8)/'GDP Constant Price'!B8*100 -> -7.3129252 | D8: =('GDP Constant Price'!D8-'GDP Constant Price'!C8)/'GDP Constant Price'!C8*100 -> 0.91743119 | E8: =('GDP Constant Price'!E8-'GDP Constant Price'!D8)/'GDP Constant Price'!D8*100 -> 2.3636364 | F8: =('GDP Constant Price'!F8-'GDP Constant Price'!E8)/'GDP Constant Price'!E8*100 -> -2.5754885 | G8: =('GDP Constant Price'!G8-'GDP Constant Price'!F8)/'GDP Constant Price'!F8*100 -> -8.552759 | H8: =('GDP Constant Price'!H8-'GDP Constant Price'!G8)/'GDP Constant Price'!G8*100 -> 1.5433356 | I8: =('GDP Constant Price'!I8-'GDP Constant Price'!H8)/'GDP Constant Price'!H8*100 -> 2.2190997 | J8: =('GDP Constant Price'!J8-'GDP Constant Price'!I8)/'GDP Constant Price'!I8*100 -> 28.229915 | ... P8: =('GDP Constant Price'!P8-'GDP Constant Price'!O8)/'GDP Constant Price'!O8*100 -> -4.2490823
A9: Mining and Quarrying | C9: =('GDP Constant Price'!C9-'GDP Constant Price'!B9)/'GDP Constant Price'!B9*100 -> -15.238095 | D9: =('GDP Constant Price'!D9-'GDP Constant Price'!C9)/'GDP Constant Price'!C9*100 -> -8.4269663 | E9: =('GDP Constant Price'!E9-'GDP Constant Price'!D9)/'GDP Constant Price'!D9*100 -> 26.993865 | F9: =('GDP Constant Price'!F9-'GDP Constant Price'!E9)/'GDP Constant Price'!E9*100 -> 39.130435 | G9: =('GDP Constant Price'!G9-'GDP Constant Price'!F9)/'GDP Constant Price'!F9*100 -> 11.178317 | H9: =('GDP Constant Price'!H9-'GDP Constant Price'!G9)/'GDP Constant Price'!G9*100 -> -8.9423771 | I9: =('GDP Constant Price'!I9-'GDP Constant Price'!H9)/'GDP Constant Price'!H9*100 -> 7.2483065 | J9: =('GDP Constant Price'!J9-'GDP Constant Price'!I9)/'GDP Constant Price'!I9*100 -> -2.7269876 | ... P9: =('GDP Constant Price'!P9-'GDP Constant Price'!O9)/'GDP Constant Price'!O9*100 -> -1.6800415
A10: Manufacturing | C10: =('GDP Constant Price'!C10-'GDP Constant Price'!B10)/'GDP Constant Price'!B10*100 -> -0.60606061 | D10: =('GDP Constant Price'!D10-'GDP Constant Price'!C10)/'GDP Constant Price'!C10*100 -> -4.0396341 | E10: =('GDP Constant Price'!E10-'GDP Constant Price'!D10)/'GDP Constant Price'!D10*100 -> -2.680699 | F10: =('GDP Constant Price'!F10-'GDP Constant Price'!E10)/'GDP Constant Price'!E10*100 -> -4.3256478 | G10: =('GDP Constant Price'!G10-'GDP Constant Price'!F10)/'GDP Constant Price'!F10*100 -> 5.7375193 | H10: =('GDP Constant Price'!H10-'GDP Constant Price'!G10)/'GDP Constant Price'!G10*100 -> 0.30828594 | I10: =('GDP Constant Price'!I10-'GDP Constant Price'!H10)/'GDP Constant Price'!H10*100 -> 0.12884802 | J10: =('GDP Constant Price'!J10-'GDP Constant Price'!I10)/'GDP Constant Price'!I10*100 -> -4.6589281 | ... P10: =('GDP Constant Price'!P10-'GDP Constant Price'!O10)/'GDP Constant Price'!O10*100 -> 0.39815492
A11: Electricity, Gas & Water Supply | C11: =('GDP Constant Price'!C11-'GDP Constant Price'!B11)/'GDP Constant Price'!B11*100 -> 0.46576619 | D11: =('GDP Constant Price'!D11-'GDP Constant Price'!C11)/'GDP Constant Price'!C11*100 -> 2.5961984 | E11: =('GDP Constant Price'!E11-'GDP Constant Price'!D11)/'GDP Constant Price'!D11*100 -> -0.13556258 | F11: =('GDP Constant Price'!F11-'GDP Constant Price'!E11)/'GDP Constant Price'!E11*100 -> 0.13574661 | G11: =('GDP Constant Price'!G11-'GDP Constant Price'!F11)/'GDP Constant Price'!F11*100 -> 4.2159022 | H11: =('GDP Constant Price'!H11-'GDP Constant Price'!G11)/'GDP Constant Price'!G11*100 -> 0.78768087 | I11: =('GDP Constant Price'!I11-'GDP Constant Price'!H11)/'GDP Constant Price'!H11*100 -> -1.0833119 | J11: =('GDP Constant Price'!J11-'GDP Constant Price'!I11)/'GDP Constant Price'!I11*100 -> -0.38773657 | ... P11: =('GDP Constant Price'!P11-'GDP Constant Price'!O11)/'GDP Constant Price'!O11*100 -> 5.3975404
A12: Construction | C12: =('GDP Constant Price'!C12-'GDP Constant Price'!B12)/'GDP Constant Price'!B12*100 -> -0.48826897 | D12: =('GDP Constant Price'!D12-'GDP Constant Price'!C12)/'GDP Constant Price'!C12*100 -> 0.24470885 | E12: =('GDP Constant Price'!E12-'GDP Constant Price'!D12)/'GDP Constant Price'!D12*100 -> -1.090454 | F12: =('GDP Constant Price'!F12-'GDP Constant Price'!E12)/'GDP Constant Price'!E12*100 -> 1.1433317 | G12: =('GDP Constant Price'!G12-'GDP Constant Price'!F12)/'GDP Constant Price'!F12*100 -> -0.54926864 | H12: =('GDP Constant Price'!H12-'GDP Constant Price'!G12)/'GDP Constant Price'!G12*100 -> -1.8278915 | I12: =('GDP Constant Price'!I12-'GDP Constant Price'!H12)/'GDP Constant Price'!H12*100 -> 1.6411667 | J12: =('GDP Constant Price'!J12-'GDP Constant Price'!I12)/'GDP Constant Price'!I12*100 -> -5.1778354 | ... P12: =('GDP Constant Price'!P12-'GDP Constant Price'!O12)/'GDP Constant Price'!O12*100 -> 10.926499
A13: Wholesale & Retail Trade | C13: =('GDP Constant Price'!C13-'GDP Constant Price'!B13)/'GDP Constant Price'!B13*100 -> 8.1563748 | D13: =('GDP Constant Price'!D13-'GDP Constant Price'!C13)/'GDP Constant Price'!C13*100 -> -11.63388 | E13: =('GDP Constant Price'!E13-'GDP Constant Price'!D13)/'GDP Constant Price'!D13*100 -> 13.353653 | F13: =('GDP Constant Price'!F13-'GDP Constant Price'!E13)/'GDP Constant Price'!E13*100 -> 3.8013298 | G13: =('GDP Constant Price'!G13-'GDP Constant Price'!F13)/'GDP Constant Price'!F13*100 -> -2.6579788 | H13: =('GDP Constant Price'!H13-'GDP Constant Price'!G13)/'GDP Constant Price'!G13*100 -> 0.81603751 | I13: =('GDP Constant Price'!I13-'GDP Constant Price'!H13)/'GDP Constant Price'!H13*100 -> -1.2131003 | J13: =('GDP Constant Price'!J13-'GDP Constant Price'!I13)/'GDP Constant Price'!I13*100 -> 4.6378434 | ... P13: =('GDP Constant Price'!P13-'GDP Constant Price'!O13)/'GDP Constant Price'!O13*100 -> 9.0450968
A14: Transportation and Storage | C14: =('GDP Constant Price'!C14-'GDP Constant Price'!B14)/'GDP Constant Price'!B14*100 -> -5.2716763 | D14: =('GDP Constant Price'!D14-'GDP Constant Price'!C14)/'GDP Constant Price'!C14*100 -> -3.0998291 | E14: =('GDP Constant Price'!E14-'GDP Constant Price'!D14)/'GDP Constant Price'!D14*100 -> -1.813602 | F14: =('GDP Constant Price'!F14-'GDP Constant Price'!E14)/'GDP Constant Price'!E14*100 -> 7.2601334 | G14: =('GDP Constant Price'!G14-'GDP Constant Price'!F14)/'GDP Constant Price'!F14*100 -> 4.2949818 | H14: =('GDP Constant Price'!H14-'GDP Constant Price'!G14)/'GDP Constant Price'!G14*100 -> 9.4252207 | I14: =('GDP Constant Price'!I14-'GDP Constant Price'!H14)/'GDP Constant Price'!H14*100 -> 0.94720218 | J14: =('GDP Constant Price'!J14-'GDP Constant Price'!I14)/'GDP Constant Price'!I14*100 -> -2.7012736 | ... P14: =('GDP Constant Price'!P14-'GDP Constant Price'!O14)/'GDP Constant Price'!O14*100 -> 6.8879074
A15: Accommodation and Food Services | C15: =('GDP Constant Price'!C15-'GDP Constant Price'!B15)/'GDP Constant Price'!B15*100 -> 0.21567218 | D15: =('GDP Constant Price'!D15-'GDP Constant Price'!C15)/'GDP Constant Price'!C15*100 -> -3.5240316 | E15: =('GDP Constant Price'!E15-'GDP Constant Price'!D15)/'GDP Constant Price'!D15*100 -> -3.1415559 | F15: =('GDP Constant Price'!F15-'GDP Constant Price'!E15)/'GDP Constant Price'!E15*100 -> 1.8904136 | G15: =('GDP Constant Price'!G15-'GDP Constant Price'!F15)/'GDP Constant Price'!F15*100 -> 4.3738343 | H15: =('GDP Constant Price'!H15-'GDP Constant Price'!G15)/'GDP Constant Price'!G15*100 -> 11.090228 | I15: =('GDP Constant Price'!I15-'GDP Constant Price'!H15)/'GDP Constant Price'!H15*100 -> 4.3193806 | J15: =('GDP Constant Price'!J15-'GDP Constant Price'!I15)/'GDP Constant Price'!I15*100 -> 1.2820076 | ... P15: =('GDP Constant Price'!P15-'GDP Constant Price'!O15)/'GDP Constant Price'!O15*100 -> 5.9590476
A16: Information & Communications | C16: =('GDP Constant Price'!C16-'GDP Constant Price'!B16)/'GDP Constant Price'!B16*100 -> 2.2924188 | D16: =('GDP Constant Price'!D16-'GDP Constant Price'!C16)/'GDP Constant Price'!C16*100 -> 3.6703723 | E16: =('GDP Constant Price'!E16-'GDP Constant Price'!D16)/'GDP Constant Price'!D16*100 -> -7.3021277 | F16: =('GDP Constant Price'!F16-'GDP Constant Price'!E16)/'GDP Constant Price'!E16*100 -> 0.80793243 | G16: =('GDP Constant Price'!G16-'GDP Constant Price'!F16)/'GDP Constant Price'!F16*100 -> -6.478087 | H16: =('GDP Constant Price'!H16-'GDP Constant Price'!G16)/'GDP Constant Price'!G16*100 -> -2.1041406 | I16: =('GDP Constant Price'!I16-'GDP Constant Price'!H16)/'GDP Constant Price'!H16*100 -> -3.2474668 | J16: =('GDP Constant Price'!J16-'GDP Constant Price'!I16)/'GDP Constant Price'!I16*100 -> -7.6561495 | ... P16: =('GDP Constant Price'!P16-'GDP Constant Price'!O16)/'GDP Constant Price'!O16*100 -> -6.0769069
A17: Finance & Insurance | C17: =('GDP Constant Price'!C17-'GDP Constant Price'!B17)/'GDP Constant Price'!B17*100 -> -1.5213358 | D17: =('GDP Constant Price'!D17-'GDP Constant Price'!C17)/'GDP Constant Price'!C17*100 -> -1.9969857 | E17: =('GDP Constant Price'!E17-'GDP Constant Price'!D17)/'GDP Constant Price'!D17*100 -> -1.1021402 | F17: =('GDP Constant Price'!F17-'GDP Constant Price'!E17)/'GDP Constant Price'!E17*100 -> 0.10366723 | G17: =('GDP Constant Price'!G17-'GDP Constant Price'!F17)/'GDP Constant Price'!F17*100 -> 2.6929658 | H17: =('GDP Constant Price'!H17-'GDP Constant Price'!G17)/'GDP Constant Price'!G17*100 -> -1.9096799 | I17: =('GDP Constant Price'!I17-'GDP Constant Price'!H17)/'GDP Constant Price'!H17*100 -> 0.97165234 | J17: =('GDP Constant Price'!J17-'GDP Constant Price'!I17)/'GDP Constant Price'!I17*100 -> 2.3445742 | ... P17: =('GDP Constant Price'!P17-'GDP Constant Price'!O17)/'GDP Constant Price'!O17*100 -> 3.5841857
A18: Real Estate | C18: =('GDP Constant Price'!C18-'GDP Constant Price'!B18)/'GDP Constant Price'!B18*100 -> 1.0998411 | D18: =('GDP Constant Price'!D18-'GDP Constant Price'!C18)/'GDP Constant Price'!C18*100 -> 1.0999637 | E18: =('GDP Constant Price'!E18-'GDP Constant Price'!D18)/'GDP Constant Price'!D18*100 -> 1.0999522 | F18: =('GDP Constant Price'!F18-'GDP Constant Price'!E18)/'GDP Constant Price'!E18*100 -> 1.0998108 | G18: =('GDP Constant Price'!G18-'GDP Constant Price'!F18)/'GDP Constant Price'!F18*100 -> 1.1 | H18: =('GDP Constant Price'!H18-'GDP Constant Price'!G18)/'GDP Constant Price'!G18*100 -> 1.1 | I18: =('GDP Constant Price'!I18-'GDP Constant Price'!H18)/'GDP Constant Price'!H18*100 -> 1.1 | J18: =('GDP Constant Price'!J18-'GDP Constant Price'!I18)/'GDP Constant Price'!I18*100 -> 1.1 | ... P18: =('GDP Constant Price'!P18-'GDP Constant Price'!O18)/'GDP Constant Price'!O18*100 -> 1.1
A19: Business Services | C19: =('GDP Constant Price'!C19-'GDP Constant Price'!B19)/'GDP Constant Price'!B19*100 -> -3.5556744 | D19: =('GDP Constant Price'!D19-'GDP Constant Price'!C19)/'GDP Constant Price'!C19*100 -> 5.5301455 | E19: =('GDP Constant Price'!E19-'GDP Constant Price'!D19)/'GDP Constant Price'!D19*100 -> -4.0714473 | F19: =('GDP Constant Price'!F19-'GDP Constant Price'!E19)/'GDP Constant Price'!E19*100 -> 3.628149 | G19: =('GDP Constant Price'!G19-'GDP Constant Price'!F19)/'GDP Constant Price'!F19*100 -> -10.905947 | H19: =('GDP Constant Price'!H19-'GDP Constant Price'!G19)/'GDP Constant Price'!G19*100 -> 2.658151 | I19: =('GDP Constant Price'!I19-'GDP Constant Price'!H19)/'GDP Constant Price'!H19*100 -> 2.9959246 | J19: =('GDP Constant Price'!J19-'GDP Constant Price'!I19)/'GDP Constant Price'!I19*100 -> -4.4923443 | ... P19: =('GDP Constant Price'!P19-'GDP Constant Price'!O19)/'GDP Constant Price'!O19*100 -> 6.2520294
... A27: Gross Domestic Product at Constant Prices | C27: =('GDP Constant Price'!C27-'GDP Constant Price'!B27)/'GDP Constant Price'!B27*100 -> -0.074211108 | D27: =('GDP Constant Price'!D27-'GDP Constant Price'!C27)/'GDP Constant Price'!C27*100 -> -2.8579707 | E27: =('GDP Constant Price'!E27-'GDP Constant Price'!D27)/'GDP Constant Price'!D27*100 -> 0.19532242 | F27: =('GDP Constant Price'!F27-'GDP Constant Price'!E27)/'GDP Constant Price'!E27*100 -> 0.8073254 | G27: =('GDP Constant Price'!G27-'GDP Constant Price'!F27)/'GDP Constant Price'!F27*100 -> -0.77262032 | H27: =('GDP Constant Price'!H27-'GDP Constant Price'!G27)/'GDP Constant Price'!G27*100 -> 1.4163247 | I27: =('GDP Constant Price'!I27-'GDP Constant Price'!H27)/'GDP Constant Price'!H27*100 -> 0.65465545 | J27: =('GDP Constant Price'!J27-'GDP Constant Price'!I27)/'GDP Constant Price'!I27*100 -> -0.25208572 | ... P27: =('GDP Constant Price'!P27-'GDP Constant Price'!O27)/'GDP Constant Price'!O27*100 -> 3.366949
A28: Source: Barbados Statistical Service

Sheet GDP Contribution by Industry
A1: GROSS DOMESTIC PRODUCT CONTRIBUTION BY INDUSTRY OF ORIGIN 2010-2024 (MARKET PRICES)
P5: %
B6: 2010 | C6: 2011 | D6: 2012 | E6: 2013 | F6: 2014 | G6: 2015 | H6: 2016 | I6: 2017 | J6: 2018 | K6: 2019 | L6: 2020 | M6: 2021 | N6: 2022 | O6: 2023 | P6: 2024R
A8: Agriculture and Fishing | B8: ='GDP by Industry'!B8/'GDP by Industry'!B$25*100 -> 1.8457593 | C8: ='GDP by Industry'!C8/'GDP by Industry'!C$25*100 -> 1.7379197 | D8: ='GDP by Industry'!D8/'GDP by Industry'!D$25*100 -> 1.9286654 | E8: ='GDP by Industry'!E8/'GDP by Industry'!E$25*100 -> 1.9976148 | F8: ='GDP by Industry'!F8/'GDP by Industry'!F$25*100 -> 1.9037875 | G8: ='GDP by Industry'!G8/'GDP by Industry'!G$25*100 -> 1.8114456 | H8: ='GDP by Industry'!H8/'GDP by Industry'!H$25*100 -> 1.8833087 | I8: ='GDP by Industry'!I8/'GDP by Industry'!I$25*100 -> 1.9655391 | ... P8: ='GDP by Industry'!P8/'GDP by Industry'!P$25*100 -> 1.7351441
A9: Mining and Quarrying | B9: ='GDP by Industry'!B9/'GDP by Industry'!B$25*100 -> 0.68641099 | C9: ='GDP by Industry'!C9/'GDP by Industry'!C$25*100 -> 0.7826487 | D9: ='GDP by Industry'!D9/'GDP by Industry'!D$25*100 -> 0.72019422 | E9: ='GDP by Industry'!E9/'GDP by Industry'!E$25*100 -> 0.73471737 | F9: ='GDP by Industry'!F9/'GDP by Industry'!F$25*100 -> 0.67625987 | G9: ='GDP by Industry'!G9/'GDP by Industry'!G$25*100 -> 0.43984216 | H9: ='GDP by Industry'!H9/'GDP by Industry'!H$25*100 -> 0.36902393 | I9: ='GDP by Industry'!I9/'GDP by Industry'!I$25*100 -> 0.45880325 | ... P9: ='GDP by Industry'!P9/'GDP by Industry'!P$25*100 -> 0.42531428
A10: Manufacturing | B10: ='GDP by Industry'!B10/'GDP by Industry'!B$25*100 -> 6.0535373 | C10: ='GDP by Industry'!C10/'GDP by Industry'!C$25*100 -> 6.362074 | D10: ='GDP by Industry'!D10/'GDP by Industry'!D$25*100 -> 5.9931238 | E10: ='GDP by Industry'!E10/'GDP by Industry'!E$25*100 -> 6.0155178 | F10: ='GDP by Industry'!F10/'GDP by Industry'!F$25*100 -> 5.7258059 | G10: ='GDP by Industry'!G10/'GDP by Industry'!G$25*100 -> 6.2029254 | H10: ='GDP by Industry'!H10/'GDP by Industry'!H$25*100 -> 6.2070932 | I10: ='GDP by Industry'!I10/'GDP by Industry'!I$25*100 -> 6.2290222 | ... P10: ='GDP by Industry'!P10/'GDP by Industry'!P$25*100 -> 5.5238144
A11: Electricity, Gas & Water Supply | B11: ='GDP by Industry'!B11/'GDP by Industry'!B$25*100 -> 3.0076758 | C11: ='GDP by Industry'!C11/'GDP by Industry'!C$25*100 -> 3.012073 | D11: ='GDP by Industry'!D11/'GDP by Industry'!D$25*100 -> 3.1511621 | E11: ='GDP by Industry'!E11/'GDP by Industry'!E$25*100 -> 2.8580995 | F11: ='GDP by Industry'!F11/'GDP by Industry'!F$25*100 -> 2.9370622 | G11: ='GDP by Industry'!G11/'GDP by Industry'!G$25*100 -> 2.9080682 | H11: ='GDP by Industry'!H11/'GDP by Industry'!H$25*100 -> 2.8612798 | I11: ='GDP by Industry'!I11/'GDP by Industry'!I$25*100 -> 2.8864357 | ... P11: ='GDP by Industry'!P11/'GDP by Industry'!P$25*100 -> 2.4337059
A12: Construction | B12: ='GDP by Industry'!B12/'GDP by Industry'!B$25*100 -> 5.5210438 | C12: ='GDP by Industry'!C12/'GDP by Industry'!C$25*100 -> 5.6106554 | D12: ='GDP by Industry'!D12/'GDP by Industry'!D$25*100 -> 5.8695208 | E12: ='GDP by Industry'!E12/'GDP by Industry'!E$25*100 -> 5.5385176 | F12: ='GDP by Industry'!F12/'GDP by Industry'!F$25*100 -> 5.5488273 | G12: ='GDP by Industry'!G12/'GDP by Industry'!G$25*100 -> 5.5707766 | H12: ='GDP by Industry'!H12/'GDP by Industry'!H$25*100 -> 5.3408735 | I12: ='GDP by Industry'!I12/'GDP by Industry'!I$25*100 -> 5.2658802 | ... P12: ='GDP by Industry'!P12/'GDP by Industry'!P$25*100 -> 5.2407921
A13: Wholesale & Retail Trade | B13: ='GDP by Industry'!B13/'GDP by Industry'!B$25*100 -> 12.175063 | C13: ='GDP by Industry'!C13/'GDP by Industry'!C$25*100 -> 13.705679 | D13: ='GDP by Industry'!D13/'GDP by Industry'!D$25*100 -> 12.821449 | E13: ='GDP by Industry'!E13/'GDP by Industry'!E$25*100 -> 14.485207 | F13: ='GDP by Industry'!F13/'GDP by Industry'!F$25*100 -> 14.86484 | G13: ='GDP by Industry'!G13/'GDP by Industry'!G$25*100 -> 14.119223 | H13: ='GDP by Industry'!H13/'GDP by Industry'!H$25*100 -> 14.329748 | I13: ='GDP by Industry'!I13/'GDP by Industry'!I$25*100 -> 14.270341 | ... P13: ='GDP by Industry'!P13/'GDP by Industry'!P$25*100 -> 17.29916
A14: Transportation and Storage | B14: ='GDP by Industry'!B14/'GDP by Industry'!B$25*100 -> 5.1490949 | C14: ='GDP by Industry'!C14/'GDP by Industry'!C$25*100 -> 5.2396904 | D14: ='GDP by Industry'!D14/'GDP by Industry'!D$25*100 -> 5.5075033 | E14: ='GDP by Industry'!E14/'GDP by Industry'!E$25*100 -> 4.9217218 | F14: ='GDP by Industry'!F14/'GDP by Industry'!F$25*100 -> 5.5767413 | G14: ='GDP by Industry'!G14/'GDP by Industry'!G$25*100 -> 5.992867 | H14: ='GDP by Industry'!H14/'GDP by Industry'!H$25*100 -> 6.5473759 | I14: ='GDP by Industry'!I14/'GDP by Industry'!I$25*100 -> 6.745547 | ... P14: ='GDP by Industry'!P14/'GDP by Industry'!P$25*100 -> 6.0461584
A15: Accommodation and Food Services | B15: ='GDP by Industry'!B15/'GDP by Industry'!B$25*100 -> 10.443155 | C15: ='GDP by Industry'!C15/'GDP by Industry'!C$25*100 -> 9.2784875 | D15: ='GDP by Industry'!D15/'GDP by Industry'!D$25*100 -> 9.2033944 | E15: ='GDP by Industry'!E15/'GDP by Industry'!E$25*100 -> 9.8345422 | F15: ='GDP by Industry'!F15/'GDP by Industry'!F$25*100 -> 9.54076 | G15: ='GDP by Industry'!G15/'GDP by Industry'!G$25*100 -> 9.5587551 | H15: ='GDP by Industry'!H15/'GDP by Industry'!H$25*100 -> 10.163387 | I15: ='GDP by Industry'!I15/'GDP by Industry'!I$25*100 -> 10.820378 | ... P15: ='GDP by Industry'!P15/'GDP by Industry'!P$25*100 -> 12.472803
A16: Information & Communications | B16: ='GDP by Industry'!B16/'GDP by Industry'!B$25*100 -> 7.285255 | C16: ='GDP by Industry'!C16/'GDP by Industry'!C$25*100 -> 7.4231249 | D16: ='GDP by Industry'!D16/'GDP by Industry'!D$25*100 -> 7.8179142 | E16: ='GDP by Industry'!E16/'GDP by Industry'!E$25*100 -> 6.9998329 | F16: ='GDP by Industry'!F16/'GDP by Industry'!F$25*100 -> 6.5272178 | G16: ='GDP by Industry'!G16/'GDP by Industry'!G$25*100 -> 6.1505312 | H16: ='GDP by Industry'!H16/'GDP by Industry'!H$25*100 -> 6.0681744 | I16: ='GDP by Industry'!I16/'GDP by Industry'!I$25*100 -> 5.7772425 | ... P16: ='GDP by Industry'!P16/'GDP by Industry'!P$25*100 -> 4.8415585
A17: Finance & Insurance | B17: ='GDP by Industry'!B17/'GDP by Industry'!B$25*100 -> 8.9743088 | C17: ='GDP by Industry'!C17/'GDP by Industry'!C$25*100 -> 8.1983026 | D17: ='GDP by Industry'!D17/'GDP by Industry'!D$25*100 -> 8.4177032 | E17: ='GDP by Industry'!E17/'GDP by Industry'!E$25*100 -> 8.1189448 | F17: ='GDP by Industry'!F17/'GDP by Industry'!F$25*100 -> 8.1573978 | G17: ='GDP by Industry'!G17/'GDP by Industry'!G$25*100 -> 8.8950189 | H17: ='GDP by Industry'!H17/'GDP by Industry'!H$25*100 -> 8.8187338 | I17: ='GDP by Industry'!I17/'GDP by Industry'!I$25*100 -> 9.0351321 | ... P17: ='GDP by Industry'!P17/'GDP by Industry'!P$25*100 -> 6.9283938
A18: Real Estate | B18: ='GDP by Industry'!B18/'GDP by Industry'!B$25*100 -> 9.9272682 | C18: ='GDP by Industry'!C18/'GDP by Industry'!C$25*100 -> 10.386788 | D18: ='GDP by Industry'!D18/'GDP by Industry'!D$25*100 -> 11.752775 | E18: ='GDP by Industry'!E18/'GDP by Industry'!E$25*100 -> 11.952037 | F18: ='GDP by Industry'!F18/'GDP by Industry'!F$25*100 -> 12.266392 | G18: ='GDP by Industry'!G18/'GDP by Industry'!G$25*100 -> 12.618824 | H18: ='GDP by Industry'!H18/'GDP by Industry'!H$25*100 -> 11.818651 | I18: ='GDP by Industry'!I18/'GDP by Industry'!I$25*100 -> 10.597737 | ... P18: ='GDP by Industry'!P18/'GDP by Industry'!P$25*100 -> 11.739452
A19: Business Services | B19: ='GDP by Industry'!B19/'GDP by Industry'!B$25*100 -> 8.6967338 | C19: ='GDP by Industry'!C19/'GDP by Industry'!C$25*100 -> 8.2447066 | D19: ='GDP by Industry'!D19/'GDP by Industry'!D$25*100 -> 7.1370545 | E19: ='GDP by Industry'!E19/'GDP by Industry'!E$25*100 -> 7.3210582 | F19: ='GDP by Industry'!F19/'GDP by Industry'!F$25*100 -> 7.124614 | G19: ='GDP by Industry'!G19/'GDP by Industry'!G$25*100 -> 6.397157 | H19: ='GDP by Industry'!H19/'GDP by Industry'!H$25*100 -> 6.4486083 | I19: ='GDP by Industry'!I19/'GDP by Industry'!I$25*100 -> 6.4469335 | ... P19: ='GDP by Industry'!P19/'GDP by Industry'!P$25*100 -> 6.5448261
... A25: Total Value Added at Basic Prices | B25: ='GDP by Industry'!B25/'GDP by Industry'!B$25*100 -> 100 | C25: ='GDP by Industry'!C25/'GDP by Industry'!C$25*100 -> 100 | D25: ='GDP by Industry'!D25/'GDP by Industry'!D$25*100 -> 100 | E25: ='GDP by Industry'!E25/'GDP by Industry'!E$25*100 -> 100 | F25: ='GDP by Industry'!F25/'GDP by Industry'!F$25*100 -> 100 | G25: ='GDP by Industry'!G25/'GDP by Industry'!G$25*100 -> 100 | H25: ='GDP by Industry'!H25/'GDP by Industry'!H$25*100 -> 100 | I25: ='GDP by Industry'!I25/'GDP by Industry'!I$25*100 -> 100 | ... P25: ='GDP by Industry'!P25/'GDP by Industry'!P$25*100 -> 100
A26: Source: Barbados Statistical Service

Sheet GDP by Sub Industry
A1: GROSS DOMESTIC PRODUCT BY SELECTED SUB-INDUSTRY 2010-2024 (BASIC PRICES)
P5: $M
B6: 2010 | C6: 2011 | D6: 2012 | E6: 2013 | F6: 2014 | G6: 2015 | H6: 2016 | I6: 2017 | J6: 2018 | K6: 2019 | L6: 2020 | M6: 2021 | N6: 2022 | O6: 2023 | P6: 2024R
A8: Agriculture
A9: Total | B9: =SUM(B10:B11) -> 182.1302 | C9: =SUM(C10:C11) -> 176.90155 | D9: =SUM(D10:D11) -> 190.02107 | E9: =SUM(E10:E11) -> 206.07777 | F9: =SUM(F10:F11) -> 197.03184 | G9: =SUM(G10:G11) -> 185.81106 | H9: =SUM(H10:H11) -> 192.62093 | I9: =SUM(I10:I11) -> 205.02799 | ... P9: =SUM(P10:P11) -> 236.24765
A10: Sugar Cane | B10: 10.811866 | C10: 12.605425 | D10: 12.060454 | E10: 8.3563073 | F10: 7.4950384 | G10: 3.6392964 | H10: 4.2459342 | I10: 6.7144164 | J10: 7.7395033 | K10: 4.1393741 | L10: 10.648432 | M10: 10.297046 | N10: 10.490631 | O10: 12.246153 | P10: 11.347188
A11: Total Non-Sugar Agriculture | B11: =SUM(B12:B15) -> 171.31833 | C11: =SUM(C12:C15) -> 164.29612 | D11: =SUM(D12:D15) -> 177.96062 | E11: =SUM(E12:E15) -> 197.72146 | F11: =SUM(F12:F15) -> 189.53681 | G11: =SUM(G12:G15) -> 182.17177 | H11: =SUM(H12:H15) -> 188.37499 | I11: =SUM(I12:I15) -> 198.31357 | ... P11: =SUM(P12:P15) -> 224.90046
A12: Food Crops | B12: 68.280452 | C12: 56.102735 | D12: 72.850867 | E12: 85.601394 | F12: 81.805015 | G12: 75.227172 | H12: 79.066991 | I12: 82.570553 | J12: 130.05529 | K12: 162.71302 | L12: 216.14787 | M12: 114.13286 | N12: 81.615766 | O12: 114.95788 | P12: 111.06049
A13: Livestock | B13: 78.041265 | C13: 88.133493 | D13: 83.237278 | E13: 78.337218 | F13: 83.994792 | G13: 85.015149 | H13: 84.030333 | I13: 85.190267 | J13: 92.400197 | K13: 97.151505 | L13: 89.050409 | M13: 94.30535 | N13: 92.111065 | O13: 95.188087 | P13: 94.776019
A14: Other Cultivation | B14: 1.792108 | C14: 1.903302 | D14: 1.911737 | E14: 1.8962564 | F14: 1.9756804 | G14: 1.9566438 | H14: 1.9613042 | I14: 2.0027108 | J14: 2.4052419 | K14: 2.6781012 | L14: 2.8394789 | M14: 2.3477645 | N14: 2.1216894 | O14: 2.3684998 | P14: 2.3388823
A15: Fishing | B15: 23.20451 | C15: 18.156591 | D15: 19.960733 | E15: 31.886591 | F15: 21.761319 | G15: 19.972802 | H15: 23.316367 | I15: 28.550043 | J15: 27.666768 | K15: 12.046929 | L15: 15.640847 | M15: 14.519116 | N15: 13.123191 | O15: 13.955455 | P15: 16.725073
A17: Manufacturing
A18: Total | B18: =SUM(B19:B24) -> 597.33247 | C18: =SUM(C19:C24) -> 647.59074 | D18: =SUM(D19:D24) -> 590.4704 | E18: =SUM(E19:E24) -> 620.57232 | F18: =SUM(F19:F24) -> 592.59034 | G18: =SUM(G19:G24) -> 636.27202 | H18: =SUM(H19:H24) -> 634.84868 | I18: =SUM(I19:I24) -> 649.75756 | ... P18: =SUM(P19:P24) -> 752.09212
A19: Food, Beverages & Tobacco | B19: 258.58548 | C19: 277.79364 | D19: 265.69181 | E19: 288.42224 | F19: 280.91323 | G19: 285.48663 | H19: 297.4768 | I19: 299.68776 | J19: 290.72156 | K19: 291.63444 | L19: 242.81987 | M19: 264.28492 | N19: 316.45293 | O19: 344.38143 | P19: 343.19672
A20: Wood/Wood Products | B20: 12.295616 | C20: 14.537416 | D20: 20.561387 | E20: 12.80238 | F20: 10.569888 | G20: 16.192866 | H20: 14.790467 | I20: 14.867485 | J20: 13.326647 | K20: 13.197391 | L20: 10.921637 | M20: 9.9329054 | N20: 9.6270374 | O20: 9.7040768 | P20: 9.7715756
A21: Paper Products, Printing & Publishing | B21: 37.106064 | C21: 35.016759 | D21: 27.3546 | E21: 34.913478 | F21: 30.717023 | G21: 37.052132 | H21: 39.187615 | I21: 38.897361 | J21: 36.365795 | K21: 35.019034 | L21: 34.273602 | M21: 33.841149 | N21: 34.104165 | O21: 34.4314 | P21: 33.979548
A22: Chemicals, Oil & Non-Metallic Minerals | B22: 40.946534 | C22: 72.431184 | D22: 68.764166 | E22: 72.79642 | F22: 68.725311 | G22: 71.678713 | H22: 67.502385 | I22: 68.365463 | J22: 68.765438 | K22: 74.31075 | L22: 65.739433 | M22: 67.402922 | N22: 89.048754 | O22: 91.450698 | P22: 101.08584
A23: Metal Products & Assembled Goods | B23: 132.04969 | C23: 128.85022 | D23: 112.29707 | E23: 116.61515 | F23: 110.71279 | G23: 72.046081 | H23: 65.675305 | I23: 67.37116 | J23: 65.571257 | K23: 63.432477 | L23: 63.278979 | M23: 73.466838 | N23: 87.492091 | O23: 84.698319 | P23: 73.812437
A24: Other Manufacturing | B24: 116.34908 | C24: 118.96153 | D24: 95.801368 | E24: 95.02265 | F24: 90.952095 | G24: 153.81559 | H24: 150.21611 | I24: 160.56832 | J24: 160.71584 | K24: 168.99777 | L24: 133.88518 | M24: 122.66834 | N24: 172.93395 | O24: 179.5568 | P24: 190.246
A26: Accommodation and Food Services
A27: Total | B27: ='GDP by Industry'!B15 -> 1030.4778 | C27: ='GDP by Industry'!C15 -> 944.45028 | D27: ='GDP by Industry'!D15 -> 906.76117 | E27: ='GDP by Industry'!E15 -> 1014.5502 | F27: ='GDP by Industry'!F15 -> 987.41772 | G27: ='GDP by Industry'!G15 -> 980.5 | H27: ='GDP by Industry'!H15 -> 1039.4903 | I27: ='GDP by Industry'!I15 -> 1128.688 | ... P27: ='GDP by Industry'!P15 -> 1698.2281
A28: Accommodation | B28: 756.08707 | C28: 667.33072 | D28: 623.98887 | E28: 712.94564 | F28: 682.96287 | G28: 666.40642 | H28: 639.66356 | I28: 673.1484 | J28: 747.98263 | K28: 876.46755 | L28: 354.26822 | M28: 273.80807 | N28: 702.38286 | O28: 977.31084 | P28: 1117.3048
A29: Food Services | B29: 274.3907 | C29: 277.11956 | D29: 282.7723 | E29: 301.60454 | F29: 304.45485 | G29: 314.09358 | H29: 399.82673 | I29: 455.53956 | J29: 492.22715 | K29: 475.43569 | L29: 314.89927 | M29: 288.14352 | N29: 477.37694 | O29: 553.47877 | P29: 580.9233
A31: Finance & Insurance
A32: Total | B32: ='GDP by Industry'!B17 -> 885.53944 | C32: ='GDP by Industry'!C17 -> 834.49907 | D32: ='GDP by Industry'!D17 -> 829.35122 | E32: ='GDP by Industry'!E17 -> 837.56587 | F32: ='GDP by Industry'!F17 -> 844.24712 | G32: ='GDP by Industry'!G17 -> 912.41651 | H32: ='GDP by Industry'!H17 -> 901.9619 | I32: ='GDP by Industry'!I17 -> 942.4666 | ... P32: ='GDP by Industry'!P17 -> 943.3319
A33: Finance | B33: 664.6062 | C33: 619.18393 | D33: 612.90245 | E33: 584.36313 | F33: 537.44524 | G33: 590.21154 | H33: 583.4488 | I33: 610.6178 | J33: 591.16698 | K33: 580.35576 | L33: 566.22134 | M33: 505.44384 | N33: 477.03311 | O33: 478.57457 | P33: 507.38935
A34: Insurance | B34: 220.93324 | C34: 215.31514 | D34: 216.44877 | E34: 253.20274 | F34: 306.80188 | G34: 322.20497 | H34: 318.51309 | I34: 331.8488 | J34: 336.73332 | K34: 375.39253 | L34: 365.21096 | M34: 368.41909 | N34: 397.88463 | O34: 435.48007 | P34: 435.94255
A36: Total Selected Sub-Industries | B36: =+B9+B18+B27+B32 -> 2695.4799 | C36: =+C9+C18+C27+C32 -> 2603.4416 | D36: =+D9+D18+D27+D32 -> 2516.6039 | E36: =+E9+E18+E27+E32 -> 2678.7661 | F36: =+F9+F18+F27+F32 -> 2621.287 | G36: =+G9+G18+G27+G32 -> 2714.9996 | H36: =+H9+H18+H27+H32 -> 2768.9218 | I36: =+I9+I18+I27+I32 -> 2925.9401 | ... P36: =+P9+P18+P27+P32 -> 3629.8998
A38: Gross Domestic Product at Basic Prices | B38: ='GDP by Industry'!B25 -> 9867.4946 | C38: ='GDP by Industry'!C25 -> 10178.925 | D38: ='GDP by Industry'!D25 -> 9852.4645 | E38: ='GDP by Industry'!E25 -> 10316.191 | F38: ='GDP by Industry'!F25 -> 10349.466 | G38: ='GDP by Industry'!G25 -> 10257.612 | H38: ='GDP by Industry'!H25 -> 10227.794 | I38: ='GDP by Industry'!I25 -> 10431.132 | ... P38: ='GDP by Industry'!P25 -> 13615.449
A40: Source: Barbados Statistical Service
